 Dungeon Crawl Stone Soup version 0.16-a0-3493-gd9d85f0 (webtiles) character file.

23 BluebellGnoll the Sneak (level 2, 0/13 HPs)
             Began as a Spriggan Enchanter on Jan 4, 2015.
             Shot with a stone by a goblin (6 damage)
             ... on level 2 of the Dungeon.
             The game lasted 00:02:45 (1194 turns).

BluebellGnoll the Sneak (Spriggan Enchanter)        Turns: 1194, Time: 00:02:45

Health: 0/13       AC:  3    Str:  4    XL:     2   Next: 72%
Magic:  6/7        EV: 18    Int: 16    God:
Gold:   110        SH:  0    Dex: 16    Spells: 2 memorised, 3 levels left

rFire  . . .     SeeInvis +     f - +1 dagger (venom)
rCold  . . .     Clarity  .     b - +1 robe
rNeg   . . .     SustAb   .     (shield restricted)
rPois  .         Gourm    .     (helmet restricted)
rElec  .         Spirit   .     (no cloak)
rCorr  .         Warding  .     (gloves unavailable)
rMut   .         Stasis   .     (boots unavailable)
MR     .....                    (no amulet)
Stlth  ++++......               (no ring)
                                (no ring)

@: very quick, not resistant to hostile enchantments, stealthy
A: unfitting armour, see invisible, herbivore 3, speed 3, slow metabolism 2
a: no special abilities


You were on level 2 of the Dungeon.
You were not hungry.

You visited 1 branch of the dungeon, and saw 2 of its levels.

You collected 110 gold pieces.

Inventory:

Hand weapons
 f - a +1 dagger of venom (weapon)
Armour
 b - a +1 robe (worn)
Jewellery
 g - an uncursed ring of protection from fire {unknown}
Scrolls
 a - 5 scrolls of identify {unknown}
 e - a scroll of fear {unknown}
 j - a scroll of recharging {unknown}
 l - a scroll of magic mapping {unknown}
 n - a scroll of teleportation {unknown}
Potions
 h - 2 potions of heal wounds {unknown}
 i - a potion of curing {unknown}
 k - a potion of might {unknown}
 m - a potion of beneficial mutation {unknown}
Books
 c - a book of Maledictions

   Spells                             Type                      Level
   a - Corona                         Hexes                        1
   b - Sure Blade                     Hexes/Charms                 2
   c - Ensorcelled Hibernation        Hexes/Ice                    2
   d - Confuse                        Hexes                        3
   e - Dazzling Spray                 Conjuration/Hexes            3
   f - Enslavement                    Hexes                        4
Comestibles
 d - a bread ration


   Skills:
 - Level 1.1 Short Blades
 - Level 3.0 Dodging
 + Level 6.2 Stealth
 - Level 2.6 Spellcasting
 - Level 3.6 Hexes


You had 3 spell levels left.
You knew the following spells:

 Your Spells              Type           Power        Failure   Level  Hunger
a - Corona                Hex            ##.....      6%          1    #......
b - Ensorcelled Hibernat  Hex/Ice        #.....       17%         2    ##.....


Dungeon Overview and Level Annotations

Branches:
Dungeon (2/15)

Altars:
Qazlal


Innate Abilities, Weirdness & Mutations

You are tiny and cannot use many weapons and most armour.
You have supernaturally acute eyesight.
You are a herbivore.
You cover ground extremely quickly.
You need consume almost no food.


Message History

Found a hunting sling.
A giant gecko comes into view.
You see here a hunting sling.
The helpless giant gecko fails to defend itself.
You impale the giant gecko!!
You kill the giant gecko!
Found a dagger.
A goblin comes into view. It is wielding a club.
The goblin unwields an uncursed club.
The goblin wields a runed hunting sling.
It bursts into flame!
The goblin shoots a stone.
The stone barely misses you.
The goblin shoots a stone.
The stone hits you. The stone burns you.
You see here a stone.
Casting: Corona
Confirm with . or Enter, or press ? or * to list all spells.
Aiming: Corona
Press: ? - help, Shift-Dir - straight line, f - goblin
Aim: a goblin, wielding a hunting sling of flaming (chance 68%)
The goblin is outlined in light.
The goblin shoots a stone.
The stone hits you.
You die...

.# <# .# .# .#
######### .#
#.......# .#
##....)..# .#
##........#####.# .#
##......(..(.@.g.#
.###..........#######
.)............#
####..........#
##.......###
##.....## ##...##
#####


You could see a goblin.

Vanquished Creatures
  An adder (D:2)
  A giant gecko (D:2)
  2 hobgoblins (D:1)
  A bat (D:1)
  A giant cockroach (D:1)
  4 goblins (D:1)
  2 kobolds (D:1)
  3 rats (D:1)
15 creatures vanquished.

Vanquished Creatures (others)
  A kobold (D:2)
1 creature vanquished.

Grand Total: 16 creatures vanquished

Notes
Turn   | Place    | Note
--------------------------------------------------------------
     0 | D:1      | BluebellGnoll, the Spriggan Enchanter, began the quest for the Orb.
     0 | D:1      | Reached XP level 1. HP: 9/9 MP: 4/4
   248 | D:1      | Reached skill level 5 in Stealth
   746 | D:1      | Reached XP level 2. HP: 11/13 MP: 5/7
   750 | D:1      | Learned a level 2 spell: Ensorcelled Hibernation
  1137 | D:2      | Found a stormy altar of Qazlal.
  1148 | D:2      | Reached skill level 6 in Stealth
  1194 | D:2      | Shot with a stone by a goblin

Action                   || total
-------------------------++-------
Melee: Dagger            ||    27
 Cast: Corona            ||     5
 Stab: Sleeping          ||     6
